 Dungeon Crawl Stone Soup version 0.27-a0-380-g150de4c316 (webtiles) character file.

Game seed: 11173538086321546412

95 dickylongcocking the Insei (level 4, 0/28 HPs)
             Began as an Octopode Transmuter on Feb 18, 2021.
             Was an Initiate of Makhleb.
             Slain by Grinder (6 damage)
             ... while paralysed by Grinder
             ... on level 3 of the Dungeon.
             The game lasted 00:01:41 (2793 turns).

dickylongcocking the Insei (Octopode Transmuter)    Turns: 2793, Time: 00:01:41

Health: 0/28       AC:  1    Str: 15    XL:     4   Next: 66%
Magic:  6/7        EV:  2    Int: 16    God:    Makhleb [......]
Gold:   148        SH:  0    Dex: 12    Spells: 6/7 levels left

rFire    . . .     SeeInvis .     - Unarmed
rCold    . . .     Faith    .   (no shield)
rNeg     . . .     Spirit   .   (helmet currently unavailable)
rPois    .         Reflect  .   (no amulet)
rElec    .         Harm     .   p - +6 ring of strength
rCorr    .         Rampage  .   (no ring)
Will     .....                  (no ring)
Stlth    +++.......             (no ring)
HPRegen  0.09/turn              (no ring)
MPRegen  0.10/turn              (no ring)
                                (no ring)
                                (no ring)

@: paralysed, brilliant, appendages, very slightly contaminated, invisible
A: almost no armour, stealthy swim, amphibious, 8 rings, constrict 8, tentacle
spike 3, camouflage 1, gelatinous body 1
a: End Transformation, Renounce Religion


You were on level 3 of the Dungeon.
You worshipped Makhleb.
Makhleb was noncommittal.
One of your tentacles had a temporary spike.
You visited 1 branch of the dungeon, and saw 3 of its levels.

You collected 148 gold pieces.

Inventory:

Jewellery
 p - a +6 ring of strength (left tentacle)
Scrolls
 l - 3 scrolls of noise
 n - a scroll of immolation {unknown}
Potions
 a - a potion of flight
 h - a potion of curing
 i - 2 potions of haste
 j - 2 potions of mutation
 k - a potion of heal wounds {unknown}


   Skills:
 - Level 1.0 Fighting
 - Level 2.0 Dodging
 + Level 3.0 Stealth
 * Level 4.7 Unarmed Combat
 - Level 2.0 Spellcasting
 - Level 2.0 Transmutations


You had 6 spell levels left.
You knew the following spells:

 Your Spells              Type           Power        Failure   Level
a - Beastly Appendage     Tmut           24%          9%          1

Your spell library contained the following spells:

 Spells                   Type           Power        Failure   Level
 Wereblood                Tmut           12%          14%         2
 Spider Form              Tmut/Pois      3%           38%         3
 Ice Form                 Ice/Tmut       7%           80%         4
 Blade Hands              Tmut           6%           94%         5


Dungeon Overview and Level Annotations

Branches:
Dungeon (3/15)

Altars:
Makhleb

Annotations:
D:3 Grinder


Innate Abilities, Weirdness & Mutations

You cannot wear most types of armour.
You are very stealthy in the water. (Stealth+)
You are amphibious.
You can wear up to eight rings at the same time.
You can use your tentacles to constrict eight enemies at once.
Your skin changes colour to match your surroundings (Stealth+).
Your rubbery body absorbs attacks. (AC +1, EV +1)
One of your tentacles bears a large vicious spike.


Message History

You constrict the hound.
You kill the hound!
Makhleb accepts your kill.
Your Stealth skill increases to level 3!
HP restored.
Found a burning altar of Makhleb.
i - 2 potions of haste (gained 1) No target in view!
Grinder comes into view.
Grinder shouts!
You hear a shout!
Grinder gestures at you. Pain shoots through your body!
Grinder is nearby!
Grinder is nearby!
Found 2 potions of haste.
Grinder gestures at you. You resist with significant effort.
Grinder blinks!
Grinder blinks!
It was a potion of magic.
Magic courses through your body. Grinder hits you.
It was a potion of curing.
You feel better. Grinder barely misses you.
It was a potion of brilliance.
You feel clever all of a sudden. Grinder barely misses you.
It was a potion of invisibility.
You fade into invisibility!
Grinder closely misses you.
You are very lightly contaminated with residual magic.
Casting: Beastly Appendage (safe; 9% risk of failure)
Confirm with . or Enter, or press ? or * to list all spells.
You feel a surge of power!
One of your tentacles grows a vicious spike.
Grinder gestures at you.
You suddenly lose the ability to move!
Grinder gestures at you. Pain shoots through your body! Grinder hits you!
* * * LOW HITPOINT WARNING * * *
You writhe in agony.
You die...

####.........#
#.............
###.##..........
........##.#.#.#
#######....#.#.# # #
##....#.#.### .# #
#...........##.# #
#........._.#.# #
#.........5@.## #
##............# #
#....#.............
........#.##########
.#########.# #.# !.#
###


You could see Grinder.

Vanquished Creatures
  A hound (D:3)
  An adder (D:3)
  2 dart slugs
  A leopard gecko (D:3)
  6 bats
  A giant cockroach (D:3)
  5 goblins
  7 hobgoblins
  11 jackals
  3 quokkas
  A ball python (D:3)
  2 kobolds
  7 rats
48 creatures vanquished.

Notes
Turn   | Place    | Note
-------+----------+-------------------------------------------
     0 | D:1      | dickylongcocking the Octopode Transmuter began the quest
                  | for the Orb.
     0 | D:1      | Reached XP level 1. HP: 13/13 MP: 3/3
   371 | D:1      | Reached XP level 2. HP: 17/18 MP: 5/5
   382 | D:1      | Reached skill level 1 in Stealth
   823 | D:1      | Reached XP level 3. HP: 23/23 MP: 6/6
  1233 | D:2      | Reached skill level 4 in Unarmed Combat
  1421 | D:2      | Found a burning altar of Makhleb.
  1456 | D:2      | Became a worshipper of Makhleb the Destroyer
  2267 | D:3      | Reached XP level 4. HP: 6/28 MP: 5/7
  2775 | D:3      | Found a burning altar of Makhleb.
  2780 | D:3      | Noticed Grinder
  2791 | D:3      | Paralysed by Grinder for 5 turns
  2793 | D:3      | Slain by Grinder

Illustrated notes

Levels and vault maps discovered:
D:1:      minmay_arrival_doors, layout_loops_cross, minmay_misc_feat_room
D:2:      layout_rooms, lemuel_crystal_altar
D:3:      layout_loops_ring, bloody_makhleb, uniq_robin, uniq_grinder

Skill      XL: |  1  2  3  4 |
---------------+-------------+-----
Stealth        | 1 2 3 |  3.0
Unarmed Combat | 4 |  4.7
Fighting       | |  1.0
Dodging        | |  2.0
Spellcasting   | |  2.0
Transmutations | |  2.0

Action                   |  1- 3 |  4- 6 || total
-------------------------+-------+-------++-------
Melee: Unarmed           |   112 |    11 ||   123
       Constrict         |    32 |     2 ||    34
       Tentacles         |    16 |       ||    16
       Kick              |     3 |       ||     3
       Punch             |     2 |     1 ||     3
 Cast: Beastly Appendage |     2 |     1 ||     3
  Use: Scroll            |       |     6 ||     6
       Potion            |       |     6 ||     6
 Stab: Sleeping          |    13 |       ||    13
Armor: Skin              |    14 |     2 ||    16
Dodge: Dodged            |    63 |    11 ||    74

Table legend: (Time is in decaauts)
 A = Elapsed time spent in this place.
 B = Non-inter-level travel time spent in this place.
 C = Inter-level travel time spent in this place.
 D = Time resting spent in this place.
 E = Time spent auto-exploring this place.
 F = Levels seen in this place.
 G = Mean time per level.
                   A        B        C        D        E       F      G
               +--------+--------+--------+--------+--------+-----+--------+
         Total |   2783 |   2699 |     84 |    407 |   1930 |   3 |  927.7 |
       Dungeon |   2783 |   2699 |     84 |    407 |   1930 |   3 |  927.7 |
               +--------+--------+--------+--------+--------+-----+--------+

Top non-repeatable levels by time:
     D:1: 1196 daAuts
     D:3: 833 daAuts
     D:2: 753 daAuts
